 Dungeon Crawl Stone Soup version 0.25-a0-713-g4845790874 (webtiles) character file.

Game seed: 17651999507403185378, levelgen mode: deterministic

85 MisterFreud the Changer (level 4, -1/28 HPs)
             Began as an Octopode Transmuter on Apr 5, 2020.
             Was a Follower of Cheibriados.
             Slain by a ball python (2 damage)
             ... on level 3 of the Dungeon.
             The game lasted 00:02:55 (2162 turns).

MisterFreud the Changer (Octopode Transmuter)       Turns: 2162, Time: 00:02:57

Health: -1/28      AC:  1    Str:  9 (11) XL:     4   Next: 48%
Magic:  17/17      EV: 10    Int: 16 (18) God:    Cheibriados [*.....]
Gold:   81         SH:  0    Dex: 13 (14) Spells: 2/8 levels left

rFire    . . .     SeeInvis .     - Unarmed
rCold    + . .     Gourm    .   (no shield)
rNeg     . . .     Faith    .   (helmet restricted)
rPois    .         Spirit   .   (no amulet)
rElec    .         Reflect  .   i - ring of magical power
rCorr    .         Harm     .   d - ring of protection from cold
MR       .....                  (no ring)
Stlth    ++........             (no ring)
HPRegen  0.09/turn              (no ring)
MPRegen  0.15/turn              (no ring)
                                (no ring)
                                (no ring)

@: constricted, very slow
A: almost no armour, stealthy swim, amphibious, 8 rings, constrict 8, camouflage
1, gelatinous body 1
a: Bend Time, Renounce Religion


You were on level 3 of the Dungeon.
You worshipped Cheibriados.
Cheibriados was aware of your devotion.
You were not hungry.

You visited 1 branch of the dungeon, and saw 3 of its levels.

You collected 81 gold pieces.

Inventory:

Missiles
 a - 12 arrows
 e - 21 bolts
 g - 31 stones (quivered)
Jewellery
 d - a ring of protection from cold (right tentacle)
 i - a ring of magical power (left tentacle)
Scrolls
 b - a scroll of noise {unknown}
 f - a scroll of remove curse {unknown}
 n - 3 scrolls of identify {unknown}
 o - a scroll of enchant weapon {unknown}
 q - a scroll of enchant armour {unknown}
Potions
 h - a potion of degeneration
 j - a potion of ambrosia {unknown}
 l - a potion of curing {unknown}
 m - a potion of lignification {unknown}
 p - 2 potions of heal wounds {unknown}
Comestibles
 c - 4 rations
 k - 2 chunks of flesh


   Skills:
 - Level 1.0 Fighting
 - Level 2.0 Dodging
 - Level 3.0 Unarmed Combat
 + Level 2.9 Spellcasting
 * Level 3.9 Transmutations


You had 2 spell levels left.
You knew the following spells:

 Your Spells              Type           Power        Failure   Level  Hunger
a - Beastly Appendage     Tmut           ##....       3%          1    #......
b - Sticks to Snakes      Tmut           ##......     5%          2    ##.....
c - Spider Form           Tmut/Pois      #.........   26%         3    ###....

Your spell library contained the following spells:

 Spells                   Type           Power        Failure   Level  Hunger
 Ice Form                 Ice/Tmut       #.......     63%         4    #####..
 Blade Hands              Tmut           ##........   71%         5    ######.


Dungeon Overview and Level Annotations

Branches:
Dungeon (3/15)

Altars:
Cheibriados


Innate Abilities, Weirdness & Mutations

You cannot wear most types of armour.
You are very stealthy in the water. (Stealth+)
You are amphibious.
You can wear up to eight rings at the same time.
You can use your tentacles to constrict eight enemies at once.
Your skin changes colour to match your surroundings (Stealth+).
Your rubbery body absorbs attacks. (AC +1, EV +1)


Message History

You closely miss the goblin. Your grab misses the goblin.
Your squeeze misses the goblin. The goblin hits you with a +0 club.
The ball python bites you. The ball python grabs you.
The ball python constricts you. The kobold hits you with a +0 dagger.
* * * LOW HITPOINT WARNING * * *
Unknown command.
You barely miss the ball python. Your grab misses the ball python.
The ball python closely misses you.
* * * LOW HITPOINT WARNING * * *
The ball python constricts you. The goblin hits you with a +0 club.
* * * LOW HITPOINT WARNING * * *
Unknown command.
It was a potion of degeneration.
There was something very wrong with that liquid.
You feel weakened.
You feel dopey.
You feel clumsy. The ball python bites you.
* * * LOW HITPOINT WARNING * * *
x2 The ball python constricts you.
The goblin barely misses you. The kobold barely misses you.
The ball python bites you.
You die...

#........ #.......
....... ###.....##
........ #.....# #+
#..KgS# #. #..K@.#
#.## #.....# #..# ...
#.....# ##.# ...
#.....#######.####...
#.....%..............
#####................
.....(..............
.....................
...
......................


You could see a goblin, a ball python and 2 kobolds.

Vanquished Creatures
  3 adders
  A worm (D:2)
  2 dart slugs
  2 leopard geckos (D:2)
  An orc (D:3)
  2 giant cockroaches
  7 goblins
  3 hobgoblins
  3 jackals (D:3)
  5 kobolds
  A quokka (D:3)
  8 bats
  4 frilled lizards
  8 rats
50 creatures vanquished.

Notes
Turn   | Place    | Note
-------+----------+-------------------------------------------
     0 | D:1      | MisterFreud the Octopode Transmuter began the quest for the
                  | Orb.
     0 | D:1      | Reached XP level 1. HP: 13/13 MP: 3/3
   139 | D:1      | Reached XP level 2. HP: 17/18 MP: 5/5
   720 | D:1      | Reached XP level 3. HP: 23/23 MP: 6/6
   902 | D:2      | Learned a level 2 spell: Sticks to Snakes
   906 | D:2      | Learned a level 3 spell: Spider Form
   951 | D:2      | HP: 1/23 [worm (4)]
  1475 | D:2      | Found a snail-covered altar of Cheibriados.
  1488 | D:2      | Became a worshipper of Cheibriados the Contemplative
  1833 | D:3      | Reached XP level 4. HP: 21/28 MP: 8/8
  2017 | D:3      | Reached * piety under Cheibriados
  2162 | D:3      | HP: 1/28 [ball python (1)]
  2162 | D:3      | Slain by a ball python

Levels and vault maps discovered:
D:1:      matt_arrival_refuge, layout_basic, st_stairs_13
D:2:      wad_pebble_path, layout_rooms, serial_corexii_hall,
          chequers_hall_statues_wall_a, corexii_hall_statues_l,
          corexii_hall_statues_u, kennysheep_small_spiral, nrook_mini_vaults,
          kennysheep_slug_shrine
D:3:      layout_basic, old_standard_altar, first_ration, chequers_garden

Skill      XL: |  1  2 |
---------------+-------+-----
Transmutations | 3 |  3.9
Fighting       | |  1.0
Dodging        | |  2.0
Unarmed Combat | |  3.0
Spellcasting   | |  2.9

Action                   |  1- 3 |  4- 6 || total
-------------------------+-------+-------++-------
Melee: Unarmed           |    90 |    30 ||   120
       Constrict         |    27 |     7 ||    34
       Tentacles         |    20 |     2 ||    22
       Punch             |     4 |       ||     4
  Use: Potion            |       |     1 ||     1
 Stab: Sleeping          |     2 |     2 ||     4
  Eat: Chunk             |     3 |     1 ||     4
Armor: Skin              |    10 |       ||    10
Dodge: Dodged            |    62 |    23 ||    85

Table legend:
 A = Non-vault XP
 B = Vault XP
 C = Vault XP percentage of total XP
 D = Non-vault monster count
 E = Vault monster count
 F = Vault count percentage of total count
                 A         B        C        D         E       F
            +---------+---------+-------+---------+---------+-------
      Total |     117 |       5 |   4.1 |      48 |       2 |   4.0
            +---------+---------+-------+---------+---------+-------
        D:1 |      33 |       1 |   2.9 |      20 |       1 |   4.8
        D:2 |      40 |       4 |   9.1 |      16 |       1 |   5.9
        D:3 |      44 |       0 |   0.0 |      12 |       0 |   0.0
            +---------+---------+-------+---------+---------+-------
